 Dungeon Crawl Stone Soup version 0.19-a0-1238-gee6bd96 (webtiles) character file.

47 epen the Ducker (level 3, -1/17 HPs)
             Began as a Felid Monk on Aug 26, 2016.
             Slain by a kobold
             ... wielding a +2 whip of draining
              (5 damage)
             ... on level 2 of the Dungeon.
             The game lasted 00:01:23 (1630 turns).

epen the Ducker (Felid Monk)                        Turns: 1630, Time: 00:01:23

Health: -1/17      AC:  1    Str:  7    XL:     3   Next: 48%
Magic:  4/4        EV: 19    Int: 11    God:
Gold:   59         SH:  0    Dex: 19    Spells: 0 memorised, 2 levels left
                                        Lives:  0   Deaths: 0

rFire  . . .     SeeInvis +       - Unarmed
rCold  . . .     Gourm    .     (armour unavailable)
rNeg   . . .     Faith    .     (shield unavailable)
rPois  .         Spirit   .     (helmet unavailable)
rElec  .         Dismiss  .     (cloak unavailable)
rCorr  .         Reflect  .     (gloves unavailable)
MR     .....     Harm     .     (boots unavailable)
Stlth  +++.......               (no amulet)
                                (no ring)
                                (no ring)

@: drained, quick
A: no armour, no weapons or thrown items, claws 1, fangs 3, see invisible,
carnivore 3, speed 1, shaggy fur 1, slow metabolism 1, sharp paws
a: no special abilities


You were on level 2 of the Dungeon.
You were not hungry.

You visited 1 branch of the dungeon, and saw 2 of its levels.

You collected 59 gold pieces.

Inventory:

Scrolls
 b - a scroll of remove curse {unknown}
 f - 2 scrolls of identify {unknown}
Potions
 c - a potion of curing {unknown}
 e - a potion of haste {unknown}
 g - a potion of flight {unknown}
Books
 d - a Necronomicon

   Spells                             Type                      Level
   a - Haunt                          Necromancy/Summoning         7
   b - Borgnjor's Revivification      Necromancy                   8
   c - Death's Door                   Charms/Necromancy            8
   d - Infestation                    Necromancy                   8
   e - Necromutation                  Transmutation/Necromancy     8
Comestibles
 a - a meat ration


   Skills:
 + Level 3.4(2.6) Fighting
 + Level 4.5(3.7) Dodging
 + Level 3.0(2.3) Stealth
 * Level 3.7(2.9) Unarmed Combat


You had 2 spell levels left.
You didn't know any spells.

Dungeon Overview and Level Annotations

Branches:
Dungeon (2/15)

Altars:


Innate Abilities, Weirdness & Mutations

You cannot wear armour.
You are incapable of wielding weapons or throwing items.
You have sharp claws.
You have razor-sharp teeth.
You have supernaturally acute eyesight. (SInv)
You are carnivorous and can eat meat at any time.
You cover ground quickly.
You are covered in fur. (AC +1)
You have a slow metabolism.
Your sharp claws are effective at attacking unaware monsters.


Message History

The kobold misses you.
You scratch the dart slug.
The dart slug is heavily wounded.
The kobold hits you with a whip of draining.
You feel drained. The dart slug closely misses you.
You scratch the dart slug.
You kill the dart slug!
The kobold hits you with a whip of draining.
You feel drained.
You scratch the kobold.
The kobold is severely wounded.
The kobold hits you with a whip of draining.
* * * LOW HITPOINT WARNING * * *
You feel drained.
* * * LOW HITPOINT WARNING * * *
The giant gecko misses you.
You scratch the kobold but do no damage.
The kobold is severely wounded.
The kobold hits you with a whip of draining.
You die...

.# #...#.#.#...........#
.# #...#.#.#...........#
[###.......#...........#
...#.......#....(((....#
...#.......#...........#
...#.......#...........#
...#.......#........####
...#......##.......=####
...#....##......@l......
........##......K.......
).#(....##..............
..#...####..............
..##..# #..............
..##..# #..............
####..######............
####....................
#....>..............


You could see a giant gecko and a kobold.

Vanquished Creatures
  4 dart slugs
  A giant gecko (D:2)
  2 bats
  3 giant cockroaches
  3 goblins
  5 hobgoblins
  4 jackals (D:1)
  3 kobolds
  2 giant newts (D:1)
  7 rats (D:1)
34 creatures vanquished.

Notes
Turn   | Place    | Note
-------+----------+-------------------------------------------
     0 | D:1      | epen the Felid Monk began the quest for the Orb.
     0 | D:1      | Reached XP level 1. HP: 10/10 MP: 2/2
   249 | D:1      | Reached XP level 2. HP: 8/14 MP: 3/3
  1205 | D:1      | Reached XP level 3. HP: 17/17 MP: 4/4
  1630 | D:2      | Slain by a kobold

Vault maps used:
D:1:      dpeg_arrival_prison, minivault_5
D:2:      columned_hall_lemuel, minmay_rat_hole

Skill      XL: |  1  2  3 |
---------------+----------+-----
Stealth        | 3 |  3.0
Fighting       | |  3.4
Dodging        | |  4.5
Unarmed Combat | |  3.7

Action                   || total
-------------------------++-------
Melee: Unarmed           ||    68
       Bite              ||     3
       Punch             ||     1
 Stab: Sleeping          ||     6
       Distracted        ||     2
  Eat: Chunk             ||     4
Armor: Skin              ||     2
Dodge: Dodged            ||    50
